 Dungeon Crawl Stone Soup version 0.26-a0-1026-g544776af23 (webtiles) character file.

Game seed: 5186407668126642019

6269 jiml777 the Thaumaturge (level 10, -2/50 HPs)
             Began as a Deep Elf Air Elementalist on Dec 9, 2020.
             Was a Believer of Sif Muna.
             Slain by an orc warrior
             ... wielding a +0 war axe
              (18 damage)
             ... in a bailey.
             The game lasted 01:23:38 (14462 turns).

jiml777 the Thaumaturge (DEAE)                     Turns: 14462, Time: 01:23:38

Health: -2/50      AC:  8    Str:  3    XL:     10   Next: 62%
Magic:  7/27       EV: 13    Int: 24    God:    Sif Muna [**....]
Gold:   653        SH:  0    Dex: 12    Spells: 17/32 levels left

rFire    . . .     SeeInvis +   O - +4 quarterstaff (chaos)
rCold    . . .     Faith    .   (shield currently unavailable)
rNeg     + + +     Spirit   .   a - +0 robe
rPois    +         Reflect  .   M - +0 helmet
rElec    .         Harm     .   N - +1 cloak
rCorr    .         Rampage  .   j - +2 pair of gloves
Will     +....                  (no boots)
Stlth    ++........             y - amulet "Poubrar" {rPois rN+++ Regen+ Str-2 Dex-3}
HPRegen  0.56/turn              e - ring of wizardry
MPRegen  0.20/turn              b - ring of see invisible

@: no status effects
A: no striking features
a: Channel Magic, Renounce Religion


You were in a bailey.
You worshipped Sif Muna.
Sif Muna was pleased with you.
You visited 3 branches of the dungeon, and saw 13 of its levels.
You also visited: Sewer and Bailey.

You collected 653 gold pieces.

Inventory:

Hand Weapons
 L - a +1 dagger of electrocution
 O - a +4 quarterstaff of chaos (weapon)
Missiles
 d - 182 arrows
 n - 6 boomerangs of dispersal
 A - 2 silver boomerangs
 D - 15 poisoned darts
Armour
 a - a +0 robe (worn)
 j - a +2 pair of gloves (worn)
 M - a +0 helmet (worn)
 N - a +1 cloak (worn)
Magical Staves
 q - an uncursed staff of earth
Jewellery
 b - a ring of see invisible (right hand)
 e - a ring of wizardry (left hand)
 l - an uncursed amulet of reflection
 v - an uncursed ring of resist corrosion
 y - the amulet "Poubrar" (around neck) {rPois rN+++ Regen+ Str-2 Dex-3}
   (You found it on level 4 of the Dungeon)

   [amulet of regeneration]

   It affects your strength (-2).
   It affects your dexterity (-3).
   It protects you from poison.
   It renders you almost immune to negative energy.
   It increases your rate of regeneration.
 F - an uncursed ring of poison resistance
Wands
 w - a wand of flame (7)
 z - a wand of iceblast (19)
 C - a wand of acid (4)
 H - a wand of enslavement (20)
 J - a wand of paralysis (15)
 K - a wand of random effects (42)
Scrolls
 c - 2 scrolls of magic mapping
 f - 3 scrolls of fear
 h - 7 scrolls of remove curse
 i - 3 scrolls of teleportation
 m - a scroll of fog
 t - 3 scrolls of amnesia
 P - a scroll of vulnerability {unknown}
Potions
 g - 5 potions of berserk rage
 k - a potion of lignification
 o - a potion of cancellation
 p - 2 potions of haste {unknown}
 r - 2 potions of mutation
 s - 4 potions of curing
 u - a potion of heal wounds {unknown}
 x - 2 potions of ambrosia {unknown}
 E - a potion of attraction {unknown}
 G - 2 potions of magic {unknown}
 I - 2 potions of might {unknown}
Miscellaneous
 B - a tin of tremorstones (2/2)
 Q - a phial of floods (inert)


   Skills:
 - Level 3.5 Dodging
 - Level 3.3 Stealth
 + Level 11.9 Spellcasting
 * Level 6.8 Conjurations
 + Level 9.3 Air Magic
 * Level 4.5 Invocations
 * Level 6.5 Evocations


You had 17 spell levels left.
You knew the following spells:

 Your Spells              Type           Power        Failure   Level
a - Shock                 Conj/Air       ####         1%          1
b - Swiftness             Air            ######..     1%          2
c - Static Discharge      Conj/Air       ######..     1%          3
d - Airstrike             Air            ######....   1%          4
e - Lightning Bolt        Conj/Air       ######....   1%          5

Your spell library contained the following spells:

 Spells                   Type           Power        Failure   Level


Dungeon Overview and Level Annotations

Branches:
Dungeon (11/15)            Temple (1/1) D:7             Orc (1/2) D:10
  Sewer (visited)          Bailey (1/1)
   Lair: D:8-11

Altars:
Ashenzari
Cheibriados
Dithmenos
Elyvilon
Gozag
Makhleb
Okawaru
Ru
Sif Muna
Trog
Uskayaw
Wu Jian
Xom
Yredelemnul
The Shining One

Annotations:
D:5 1 runed translucent door, runemasterragnar's ghost, novice OgMo


Message History

The orc warrior misses you. The gnoll barely misses you.
You closely miss the gnoll.
The orc warrior hits you with a +0 war axe!
The gnoll hits you with a +0 hand axe!
The orc warrior hits you with a +0 war axe!
* * * LOW HITPOINT WARNING * * *
It was a potion of lignification.
You turn into a tree.
Your +1 cloak melds into your body.
Your +0 helmet melds into your body.
Your +2 pair of gloves melds into your body.
Your +0 robe melds into your body.
Your roots penetrate the ground.
The gnoll hits you but does no damage.
It was a potion of cancellation.
Your magical effects are unravelling.
You feel magically purged.
You feel less wooden.
Your +1 cloak unmelds from your body.
Your +0 helmet unmelds from your body.
Your +2 pair of gloves unmelds from your body.
Your +0 robe unmelds from your body.
The orc warrior hits you with a +0 war axe!!
You die...

#≈≈≈≈≈# #≈≈≈≈≈###
#≈≈≈≈≈≈.#
######.≈≈≈≈≈.#
#......≈≈≈≈≈.#+'
###......≈≈≈≈≈.#..
#..............g..
#∩g.∩..))......').
#@og.)..)......)))
###..)...≈≈≈≈≈.#..
#......≈≈≈≈≈.# '
######.≈≈≈≈≈.#
#≈≈≈≈≈≈.#
#≈≈≈≈≈### #≈≈≈≈≈#
#≈≈≈≈≈# #≈≈≈≈≈#


You could see an orc warrior, a gnoll and a goblin.

Vanquished Creatures
  A two-headed ogre (D:9)
  A troll (Orc:1)
  6 yaks (D:9)
  A swamp worm (shapeshifter) (Bailey)
  7 orc warriors
  A swamp drake (D:10)
  2 ice beasts
  A necrophage (D:9)
  4 phantoms
  A sky beast (D:10)
  4 ogres
  2 big kobolds
  4 bullfrogs
  4 scorpions
  2 howler monkeys
  An electric eel (Bailey)
  A centaur zombie (D:5)
  9 hounds
  A bullfrog zombie (D:5)
  7 orc priests
  2 centaur skeletons
  3 bullfrog skeletons
  Crazy Yiuf (D:7)
  7 worker ants
  Natasha (thrice) (D:4)
  2 iguanas
  8 orc wizards
  A hound zombie (D:5)
  A hound skeleton (D:5)
  A worker ant zombie (D:10)
  12 adders
  6 gnolls
  A howler monkey skeleton (D:9)
  2 shadow imps
  A white imp (D:5)
  2 oozes
  An adder zombie (D:5)
  An adder skeleton (D:9)
  3 worms
  2 dart slugs
  9 leopard geckos
  45 orcs
  10 bats
  14 giant cockroaches
  13 hobgoblins
  5 jackals
  14 kobolds
  4 quokkas
  3 ball pythons
  8 frilled lizards
  19 goblins
  A jackal skeleton (D:4)
  2 leopard gecko zombies
  5 rats
272 creatures vanquished.

Vanquished Creatures (others)
  3 fungi (D:7)
  5 plants (D:1)
8 creatures vanquished.

Grand Total: 280 creatures vanquished

Notes
Turn   | Place    | Note
-------+----------+-------------------------------------------
     0 | D:1      | jiml777 the Deep Elf Air Elementalist began the quest for
                  | the Orb.
     0 | D:1      | Reached XP level 1. HP: 10/10 MP: 6/6
   161 | D:1      | Reached XP level 2. HP: 13/15 MP: 5/8
   704 | D:1      | You fall into a shaft and drop 1 floor!
   729 | D:2      | Reached XP level 3. HP: 17/19 MP: 5/10
   841 | D:2      | Found a broken altar of Ashenzari.
   852 | D:2      | Reached skill level 4 in Spellcasting
  1009 | D:2      | Found a faded altar of an unknown god.
  1219 | D:2      | Found a shadowy altar of Dithmenos.
  1223 | D:2      | Found a hide-covered altar of Uskayaw.
  1225 | D:2      | Found a basalt altar of Yredelemnul.
  1226 | D:2      | Found a bloodstained altar of Trog.
  1315 | D:2      | Reached XP level 4. HP: 17/24 MP: 0/12
  1343 | D:1      | HP: 1/24 [dart slug/slug dart (4)]
  1657 | D:2      | Learned a level 2 spell: Swiftness
  1661 | D:2      | Learned a level 3 spell: Static Discharge
  1666 | D:2      | Learned a level 4 spell: Airstrike
  2533 | D:3      | Found an iron altar of Okawaru.
  2568 | D:3      | Reached XP level 5. HP: 28/28 MP: 5/14
  3193 | D:4      | Reached skill level 5 in Spellcasting
  3288 | D:4      | Noticed Natasha
  3290 | D:4      | Killed Natasha
  3436 | D:4      | Noticed an ogre
  3439 | D:4      | Killed an ogre
  3440 | D:4      | Reached XP level 6. HP: 32/32 MP: 2/16
  3677 | D:4      | Got a shimmering ruby amulet
  3688 | D:4      | Identified the amulet "Poubrar" {rPois rN+++ Regen+ Str-2
                  | Dex-3} (You found it on level 4 of the Dungeon)
  3714 | D:4      | Noticed Natasha
  3715 | D:4      | Killed Natasha
  3716 | D:4      | Reached skill level 1 in Evocations
  3800 | D:4      | Noticed Natasha
  3804 | D:4      | Killed Natasha
  3805 | D:4      | Reached skill level 5 in Air Magic
  3818 | D:4      | Reached skill level 6 in Spellcasting
  4049 | D:4      | Reached XP level 7. HP: 36/36 MP: 12/18
  4296 | D:4      | Found a bloodstained altar of Trog.
  4621 | D:4      | Reached skill level 7 in Spellcasting
  5016 | D:5      | Entered Level 5 of the Dungeon
  5397 | D:5      | Found a glowing drain.
  5413 | Sewer    | Entered a sewer
  5983 | D:5      | Found a runed translucent door.
  5985 | D:5      | Noticed runemasterragnar's ghost (novice OgMo)
  6084 | D:5      | Reached XP level 8. HP: 35/41 MP: 5/21
  6203 | D:5      | Learned a level 5 spell: Lightning Bolt
  6701 | D:5      | Reached skill level 8 in Spellcasting
  6897 | D:5      | Found a white marble altar of Elyvilon.
  7328 | D:6      | Found a snail-covered altar of Cheibriados.
  8659 | D:7      | You fall into a shaft and drop 1 floor!
  8829 | D:7      | Found a staircase to the Ecumenical Temple.
  8837 | Temple   | Entered the Ecumenical Temple
  8841 | Temple   | Became a worshipper of Sif Muna the Loreminder
  8950 | D:7      | Reached skill level 9 in Spellcasting
  9382 | D:7      | Found a runed translucent door.
  9383 | D:7      | Noticed Crazy Yiuf
  9388 | D:7      | Killed Crazy Yiuf
  9505 | D:8      | Reached skill level 5 in Conjurations
  9505 | D:8      | Reached skill level 1 in Invocations
  9505 | D:8      | Reached XP level 9. HP: 45/45 MP: 15/24
 10622 | D:9      | Reached skill level 5 in Evocations
 10829 | D:9      | Reached skill level 10 in Spellcasting
 11265 | D:9      | Noticed a two-headed ogre
 11284 | D:9      | Killed a two-headed ogre
 11285 | D:9      | Reached XP level 10. HP: 50/50 MP: 9/26
 11418 | D:9      | Reached skill level 11 in Spellcasting
 11846 | D:9      | Reached * piety under Sif Muna
 12221 | D:10     | Entered Level 10 of the Dungeon
 12221 | D:10     | Found a sacrificial altar of Ru.
 12648 | D:10     | Found a staircase to the Orcish Mines.
 13681 | D:11     | Noticed a cyclops
 13822 | D:11     | Noticed a centaur warrior
 13824 | D:11     | Noticed a manticore
 14008 | Orc:1    | Entered Level 1 of the Orcish Mines
 14215 | Orc:1    | Found a flagged portal.
 14220 | Orc:1    | Reached ** piety under Sif Muna
 14225 | Bailey   | Entered a bailey
 14429 | Bailey   | Noticed a glowing shapeshifter
 14429 | Bailey   | an orc warrior changed into a glowing shapeshifter
 14429 | Bailey   | Noticed a sea snake
 14429 | Bailey   | a glowing shapeshifter changed into a sea snake
 14432 | Bailey   | a sea snake changed into a swamp worm
 14462 | Bailey   | Slain by an orc warrior

Illustrated notes

Levels and vault maps discovered:
D:1:      lemuel_arrival_funnel, layout_basic, st_stairs_12,
          serial_bayou_pond_c, minivault_14
D:2:      layout_rooms, minitemple, lemuel_round_altar,
          chequers_ecumenical_altar_simple_redux, minmay_diced_spiral
D:3:      layout_basic, okawaru_metal_pillars_1_2, minmay_checkerbox
D:4:      layout_loops_corners, trog_butcher_becter, uniq_natasha
D:5:      layout_basic, general_overflow_altar, ebering_ghost_sewer_d,
          cheibrodos_sewer_entry_bend
D:6:      layout_loops_corners, overflow_temple_1_default
D:7:      layout_rooms, minmay_temple_entry_hall, hex_tiny,
          uniq_crazy_yiuf_cottage
D:8:      layout_loops_ring, chequers_hall_statues_corner_a
D:9:      layout_irregular_city
D:10:     layout_roguey, erik_orc_1, basic_altar
D:11:     layout_cave_pools, lair_entry_dummy, serial_glass, glass_columns_a,
          glass_columns_c, minmay_misc_feat_cross
Temple:   zaba_magenta_temple
Orc:1:    layout_caves, enter_bailey_3, serial_shops, nicolae_shop_crystal,
          basic_altar
Bailey:   bailey_axe_of_yendor_kennysheep, bailey

Skill      XL: |  1  2  3  4  5  6  7  8  9 10 |
---------------+-------------------------------+-----
Spellcasting   | 4 5 6 7 9 10 11 | 11.9
Conjurations   | 2 3 5 6 |  6.8
Dodging        | 3 |  3.5
Air Magic      | 4 5 6 7 8 9 |  9.3
Stealth        | 3 |  3.3
Evocations     | 1 2 4 5 6 |  6.5
Invocations    | 1 3 4 |  4.5

Action                   |  1- 3 |  4- 6 |  7- 9 | 10-12 || total
-------------------------+-------+-------+-------+-------++-------
Melee: Dagger            |       |     7 |       |       ||     7
       Staff             |       |       |    11 |       ||    11
       Quarterstaff      |       |       |       |    23 ||    23
 Cast: Shock             |    63 |    67 |    93 |    22 ||   245
       Airstrike         |       |    23 |   125 |    80 ||   228
       Swiftness         |       |       |     2 |       ||     2
       Lightning Bolt    |       |       |       |     5 ||     5
Evoke: Wand              |       |       |       |     2 ||     2
       Phial of floods   |       |       |       |     1 ||     1
  Use: Scroll            |     5 |     1 |    10 |     3 ||    19
       Potion            |       |     1 |     1 |     2 ||     4
 Stab: Paralysed         |       |       |       |     1 ||     1
Armor: Robe              |     7 |     2 |     7 |    13 ||    29
       Skin              |       |       |       |     1 ||     1
Dodge: Dodged            |    26 |    16 |    19 |    32 ||    93
Block: Other             |       |     2 |       |       ||     2

Table legend: (Time is in decaauts)
 A = Elapsed time spent in this place.
 B = Non-inter-level travel time spent in this place.
 C = Inter-level travel time spent in this place.
 D = Time resting spent in this place.
 E = Time spent auto-exploring this place.
 F = Levels seen in this place.
 G = Mean time per level.
                   A        B        C        D        E       F      G
               +--------+--------+--------+--------+--------+-----+--------+
         Total |  14560 |  14045 |    515 |   5620 |   6098 |  15 |  970.7 |
       Dungeon |  13619 |  13112 |    507 |   5382 |   5712 |  11 | 1238.1 |
        Temple |     17 |      9 |      8 |      0 |      5 |   1 |   17.0 |
  Orcish Mines |     85 |     85 |      0 |     36 |      0 |   1 |   85.0 |
         Sewer |    594 |    594 |      0 |     84 |    380 |   1 |  594.0 |
        Bailey |    243 |    243 |      0 |    118 |      0 |   1 |  243.0 |
               +--------+--------+--------+--------+--------+-----+--------+

Top non-repeatable levels by time:
     D:9: 2032 daAuts
     D:4: 1831 daAuts
    D:10: 1811 daAuts
     D:5: 1685 daAuts
     D:3: 1292 daAuts
     D:6: 1269 daAuts
     D:1: 1086 daAuts
     D:7: 952 daAuts
     D:2: 809 daAuts
     D:8: 739 daAuts
   Sewer: 594 daAuts
  Bailey: 243 daAuts
    D:11: 108 daAuts
   Orc:1: 85 daAuts
  Temple: 17 daAuts
